← All builds
Geo sea / Cortex / Economy first / OBSERVED BUILD

Standard geo sea

The role's default economy-first play: bot lab then shipyard in the cove, quick frigate/submarine/destroyer navy to contest sea and hold the coast, transitioning into whatever the sea fight needs.

Usually shipyard in the cove (98%)

#naval #eco · 963 distinct matches · 100 players · 83% of Cortex Geo sea games · team won 51% of 1080 · Recently observed

HOW TO PLAY IT

Key timing: Shipyard by 3:18

  1. Open 3 mex, wind and solar, then Bot Lab.
  2. Get a BP and costal torpedo launcher up before the Shipyard.
  3. Put up Shipyard once you can defend it.
  4. Push out "submarine" and "frigate" to contest the sea.
  5. Add geothermal to fund the fleet transition into "destroyer", "missile corvette".

Phase by phase

TYPICAL OF ITS 963 GAMES
  1. 1
  2. 2
  3. 3
  4. 4
PLAY THE OPENING

Follow the example game's first 6:00 step by step: what to build now, what comes next, and where it goes. At 1× it keeps pace with your own game.

  1. 1

    Up to the Bot Lab

    Economy
    • Metal Extractor3Mex
    • Wind Turbine3Wind
    Order
    1. Bot LabBot Lab after 3 mex, 3 winddone ~1:12, middle half 1:06–1:25

    Some games also: wind for allies (49%)

    By 0:55 in all: 3 mex · 3 wind

    The example game in this phase · 4 steps
    1. Mex ×3
    2. Wind ×2for Air
    3. Wind
    4. Bot LabBot Labdone 1:03 · typical 1:12
  2. 2

    Bot Lab to Shipyard

    Economy
    • Metal Extractor1Mex
    • Wind Turbine2Wind
    Order
    1. ShipyardShipyard after 4 mex, 5 wind, 1 energy storagedone ~3:17, middle half 3:02–3:33
    Builders
    • Construction Bot3 Con bot
    • Graverobber2 Graverobber
    Army
    • Grunt1 Grunt

    Some games also: con turret (46%) · trasher (39%) · energy storage (34%) · wind for allies (32%)

    By 2:51 in all: 4 mex · 5 wind · 1 energy storage

    The example game in this phase · 9 steps
    1. Wind
    2. GraverobberGraverobber
    3. Wind
    4. Construction BotCon bot ×2
    5. Energy storage
    6. GraverobberGraverobber
    7. Mex
    8. GruntGrunt ×2
    9. ShipyardShipyarddone 2:50 · typical 3:17
  3. 3

    Shipyard to 5:00

    Economy
    • Metal Extractor4Mex
    Builders
    • Construction Ship1 Con ship
    Army
    • Riptide2 Frigate
    • Orca1 Submarine
    Other
    • Radar Tower1 Radar Tower

    Some games also: Guard (49%) · wind (48%) · missile corvette (48%) · destroyer (46%) · gunboat (41%)

    By 5:00 in all: 8 mex · 6 wind · 1 energy storage · 1 con turret

    The example game in this phase · 24 steps
    1. Construction BotCon bot
    2. Construction ShipCon ship
    3. Mex
    4. GraverobberGraverobber
    5. HerringMissile corvette
    6. Mex
    7. SupporterGunboat
    8. HerringMissile corvette
    9. Mex
    10. SupporterGunboat
    11. Mex
    12. Wind
    13. Radar TowerRadar Tower
    14. RiptideFrigatedone 4:04 · typical 4:36
    15. GuardGuard
    16. Wind
    17. RiptideFrigate
    18. GuardGuard
    19. HerringMissile corvette
    20. Wind
    21. OppressorDestroyerdone 5:22 · typical 5:52
    22. Mex
    23. GuardGuard
    24. Wind
  4. 4

    5:00 to 10:00

    Economy
    • Metal Extractor2Mex
    • Wind Turbine8Wind
    • Energy Converter1Converter
    Builders
    • Construction Turret1 Con turret
    • Death Cavalry2 Death Cavalry
    • Construction Ship1 Con ship
    Army
    • Guard2 Guard
    • Riptide5 Frigate
    • Oppressor2 Destroyer
    Other
    • Naval Radar / Sonar Tower2 Naval Radar / Sonar Tower

    Some games also: geo (48%) · Thistle (41%) · submarine (34%)

    By 10:00 in all: 10 mex · 15 wind · 1 geo · 4 converter · 1 energy storage · 2 con turret

    The example game in this phase · 94 steps
    1. UrchinUrchin
    2. GuardGuard
    3. Converter
    4. Death CavalryDeath Cavalry
    5. ThistleThistle
    6. RiptideFrigate
    7. Converter
    8. RiptideFrigate
    9. HerringMissile corvette
    10. Mex
    11. OppressorDestroyer
    12. Converter
    13. Construction ShipCon ship
    14. Mex
    15. Converter
    16. Death CavalryDeath Cavalry
    17. Radar TowerRadar Tower
    18. RiptideFrigate
    19. Mex
    20. Wind
    21. ThistleThistle
    22. RiptideFrigate
    23. Wind
    24. Naval Radar / Sonar TowerNaval Radar / Sonar Tower
    25. Advanced Metal ExtractorT2 mexdone 9:49 · typical 9:22
    26. HerringMissile corvette
    27. GuardGuard
    28. OppressorDestroyer
    29. Geothermal PowerplantGeodone 11:27 · typical 7:58
    30. Wind
    31. GuardGuard
    32. Wind
    33. Death CavalryDeath Cavalry
    34. Wind
    35. GuardGuard
    36. Wind
    37. RiptideFrigate
    38. Wind ×2
    39. RiptideFrigate
    40. Advanced Metal ExtractorT2 mex
    41. Wind
    42. HerringMissile corvette
    43. Wind
    44. OppressorDestroyer
    45. Wind ×3
    46. Death CavalryDeath Cavalry
    47. Wind ×2
    48. RiptideFrigate
    49. Advanced Metal ExtractorT2 mex
    50. Wind
    51. RiptideFrigate
    52. GuardGuard
    53. Wind
    54. HerringMissile corvette
    55. Construction ShipCon ship
    56. Converter
    57. Wind
    58. Construction ShipCon ship
    59. Naval Construction Turret
    60. OppressorDestroyer
    61. Wind
    62. Converter
    63. Death CavalryDeath Cavalry
    64. Advanced Metal ExtractorT2 mex
    65. RiptideFrigate
    66. Wind
    67. RiptideFrigate
    68. Naval Construction Turret
    69. HerringMissile corvette
    70. Converter
    71. OppressorDestroyer
    72. Wind
    73. Death CavalryDeath Cavalry
    74. Wind
    75. RiptideFrigate ×2
    76. Converter
    77. HerringMissile corvette
    78. OppressorDestroyer
    79. Wind
    80. Naval Construction Turret
    81. Death CavalryDeath Cavalry
    82. Advanced Metal ExtractorT2 mex
    83. Naval Construction Turret
    84. Wind
    85. RiptideFrigate
    86. Naval Construction Turret
    87. RiptideFrigate
    88. Advanced ShipyardAdvanced Shipyarddone 14:45
    89. HerringMissile corvette
    90. Wind
    91. OppressorDestroyer
    92. Advanced Construction SubAdvanced Construction Sub
    93. Death CavalryDeath Cavalry
    94. Wind

Counts are medians over the build's games: half of them build more, half fewer. The example game is TheSituation's (51 OS, 26/09/2026); pick another.

Team trades

IN AT LEAST 30% OF ITS GAMES

You hand over

  • Wind Turbine2 Wind to Airfirst at 1:48 · in 72% of games

You get

  • Finch1 Finch from Airfirst at 1:51 · in 83% of games
  • Hercules1 Light transport from Airfirst at 2:00 · in 75% of games
  • Advanced Construction Bot1 T2 con bot from Techfirst at 7:44 · in 89% of games

How it plays out

Typical game of this build, running totals by minute

Metal produced

010k20k30k
0:005:0010:0015:00

metal

Enemy metal destroyed

05k10k
0:005:0010:0015:00

metal

Own metal lost

02.5k5k7.5k
0:005:0010:0015:00

metal

1080 games.

Show as table
ByMetal produced: This buildEnemy metal destroyed: This buildOwn metal lost: This build
1:0039700
2:0092800
3:00156700
4:002904051
5:00410713052
6:005463440242
7:006945931551
8:0086161570905
9:001049424631363
10:001261536342071
11:001522148872926
12:001812964053801
13:002147974014458
14:002507986465388
15:002882297766321
WHAT THE NUMBERS SAY

Standard Cortex geo sea sits at an even 50% win rate, trading a slower start for a big resource lead by 15:00.

  • + Metal produced hits 28451 by 15:00, well above both front roles
  • + Own metal lost stays far below enemy metal destroyed at every checkpoint
  • − Only 50% team win rate, the lowest of these six builds
  • − T2 factory only completes in 40% of games by 12:53
THE EXAMPLE YOU ARE READING

TheSituation

51.1 OS · 26/09/2026

Open source match ↗

4 received units · includes a constructor
136 metal received · 40681 energy received

Allied construction assistance is unknown. Timings are observations, not a promise of solo reproducibility.

Typical milestones

Bot Lab1:12Middle 50%: 1:06–1:25 · n=1069
Shipyard3:17Middle 50%: 3:02–3:33 · n=1074
Orca4:20Middle 50%: 3:54–5:00 · n=747
Riptide4:36Middle 50%: 4:08–5:21 · n=1048
Oppressor5:52Middle 50%: 5:09–6:34 · n=977
Geothermal Powerplant7:58Middle 50%: 7:00–8:59 · n=648
Advanced Metal Extractor9:22Middle 50%: 8:46–10:10 · n=926

Played most by

sirniho121games of this buildSHOGVN86games of this buildOptimusprimenutt84games of this buildPRO_Rerory47games of this buildhihimik41games of this build